 Dungeon Crawl Stone Soup version 0.29.1-2-gbd0b4ee654 (webtiles) character file.

Game seed: 14714288629603778192

4603 safid the Marksminotaur (level 10, -3/88 HPs)
             Began as a Minotaur Hunter on Oct 31, 2022.
             Was a High Priest of Okawaru.
             Succumbed to a hornet's poison
             ... while paralysed by a hornet
             ... on level 8 of the Dungeon.
             The game lasted 00:19:59 (8161 turns).

safid the Marksminotaur (Minotaur Hunter)           Turns: 8161, Time: 00:19:59

Health: -3/88      AC: 10    Str: 16    XL:     10   Next: 19%
Magic:  9/9        EV:  2    Int:  6    God:    Okawaru [*****.]
Gold:   136        SH:  0    Dex: 18    Spells: 9/9 levels left

rFire   . . .      SeeInvis .   v - +5 arbalest (freeze)
rCold   . . .      Faith    .   (shield currently unavailable)
rNeg    . . .      Spirit   .   w - +0 scale mail
rPois   .          Reflect  .   (helmet restricted)
rElec   .          Harm     .   D - +0 cloak {Stlth+}
rCorr   .          Rampage  .   d - +2 pair of gloves
Will    .....                   (no boots)
Stlth   +.........              (no amulet)
HPRegen 0.24/turn               (no ring)
MPRegen 0.11/turn               (no ring)

@: paralysed, lethally poisoned (-3 -> -26), slowed
A: horns 2, retaliatory headbutt
a: Renounce Religion, Heroism, Finesse, Duel


You were on level 8 of the Dungeon.
You worshipped Okawaru.
Okawaru was extremely pleased with you.
You visited 2 branches of the dungeon, and saw 10 of its levels.

You collected 595 gold pieces.
You spent 459 gold pieces at shops.

Inventory:

Hand Weapons
 v - a +5 arbalest of freezing (weapon)
Missiles
 r - a throwing net
 F - a curare-tipped dart
Armour
 d - a +2 pair of gloves (worn)
 w - a +0 scale mail (worn)
 D - a +0 cloak of stealth (worn)
Wands
 a - a wand of quicksilver (8)
 l - a wand of roots (17)
 E - a wand of flame (24)
Scrolls
 c - 2 scrolls of torment {unknown}
 f - 4 scrolls of teleportation
 n - 2 scrolls of blinking
 o - 5 scrolls of magic mapping
 q - a scroll of fog {unknown}
 s - 2 scrolls of amnesia {unknown}
 x - 4 scrolls of enchant weapon {unknown}
 y - 5 scrolls of enchant armour {unknown}
 A - a scroll of fear {unknown}
 B - a scroll of identify
 C - a scroll of noise {unknown}
Potions
 b - 2 potions of flight {unknown}
 e - a potion of mutation {unknown}
 g - 2 potions of degeneration
 h - 6 potions of curing
 i - a potion of attraction {unknown}
 j - a potion of berserk rage {unknown}
 k - 2 potions of heal wounds
 m - 3 potions of magic {unknown}
 p - 2 potions of ambrosia {unknown}
 t - a potion of lignification {unknown}
 u - 2 potions of might {unknown}
 z - 3 potions of invisibility {unknown}


   Skills:
 - Level 8.0 Fighting
 + Level 15.1 Ranged Weapons
 - Level 2.1 Dodging
 - Level 0.7 Stealth


You had 9 spell levels left.
You didn't know any spells.
Your spell library contained the following spells:

 Spells                   Type           Power      Damage    Failure   Level
 Necrotise                Necr           0%         1d4       88%         1
 Portal Projectile        Hex/Tloc       0%         N/A       99%         3
 Vampiric Draining        Necr           0%         2d6       99%         3
 Agony                    Necr           0%         N/A       100%        5
 Blade Hands              Tmut           0%         N/A       100%        5
 Tukima's Dance           Hex            Unusable   N/A       N/A         3

Dungeon Overview and Level Annotations

Branches:
Dungeon (9/15)             Temple (1/1) D:4            Lair (0/5) D:8
    Orc: D:9-12

Altars:
Ashenzari
Cheibriados
Dithmenos
Elyvilon
Fedhas
Kikubaaqudgha
Makhleb
Nemelex Xobeh
Okawaru
Qazlal
Ru
Sif Muna
Trog
Uskayaw
Vehumet
Wu Jian
Xom
Yredelemnul
Zin
The Shining One

Shops:
D:2 [(![!


Innate Abilities, Weirdness & Mutations

You have a pair of horns on your head.
You reflexively headbutt those who attack you in melee.


Message History

The hornet closely misses you. You furiously retaliate!
You headbutt the hornet, but do no damage.
Unknown command.
Fire: v) +5 arbalest (freeze)
Press: ? - help, Q - select action, (/) - cycle Shift-Dir - straight line, p - hornet You shoot a bolt.
You feel sick. The hornet barely misses you. You furiously retaliate!
You headbutt the hornet, but do no damage.
The hornet barely misses you. The hornet stings you!
You feel as though you will be slow longer.
Unknown command.
Fire: v) +5 arbalest (freeze)
Press: ? - help, Q - select action, (/) - cycle Shift-Dir - straight line, f - hornet
Aim: a hornet (heavily wounded, 62% to hit)
You shoot a bolt. The bolt closely misses the hornet.
You feel sick.
You are no longer poisoned.
The hornet stings you!
* * * LOW HITPOINT WARNING * * *
You are poisoned.
You feel as though you will be slow longer.
The hornet stings you!
* * * LOW HITPOINT WARNING * * *
You are lethally poisoned!
You feel as though you will be slow longer.
The hornet stings you.
* * * LOW HITPOINT WARNING * * *
You are more poisoned.
You feel as though you will be slow longer.
You feel much better.
* * * LOW HITPOINT WARNING * * *
You feel extremely sick. The hornet stings you!
* * * LOW HITPOINT WARNING * * *
You feel as though you will be slow longer.
The hornet stings you!
* * * LOW HITPOINT WARNING * * *
You suddenly lose the ability to move!
The hornet stings you but does no damage.
You die...

..#.........#.########### #.#
....[..[....'.#.........###.#
..##........###.............#
.........................####
..##...(................##
..##....................#
...#....................#
...#>...........y.......#
...#............@.......#
...#....§..§............#
...#...§................#
...#...§§≈§§............#
.....≈§§...≈≈≈..........####
...≈≈≈§(.....≈≈≈≈≈..._..§§.#
...≈....≈§≈......≈≈≈...§§≈§#
.......≈§§§≈≈......≈§≈≈≈§§§#
....≈≈≈≈...≈§§≈≈≈...§§≈§...#


You could see a hornet.

Vanquished Creatures
  A gargoyle (D:9)
  A troll (D:8)
  Grinder (D:4)
  Sigmund (D:6)
  4 water moccasins
  2 orc warriors (D:5)
  A sky beast (D:4)
  A black bear (D:4)
  An ice beast (D:7)
  5 wolves
  2 ogres (D:5)
  4 centaurs
  2 phantoms
  A kobold brigand (D:8)
  A necrophage (D:7)
  3 scorpions
  5 wights (D:8)
  5 electric eels (D:8)
  3 lava snakes (D:8)
  8 orc priests
  6 hounds
  2 jellies
  An iguana (D:4)
  Ijyb (D:4)
  Terence (D:2)
  5 orc wizards
  4 gnolls (D:3)
  11 adders
  A shadow imp (D:7)
  3 white imps
  A dart slug (D:2)
  30 orcs
  14 ball pythons
  8 bats
  9 endoplasms
  3 giant cockroaches
  14 goblins
  7 hobgoblins
  2 jackals (D:5)
  13 kobolds
  3 quokkas
  2 frilled lizards
  3 rats
196 creatures vanquished.

Notes
Turn   | Place    | Note
-------+----------+-------------------------------------------
     0 | D:1      | safid the Minotaur Hunter began the quest for the Orb.
     0 | D:1      | Reached XP level 1. HP: 18/18 MP: 0/0
   292 | D:1      | Reached XP level 2. HP: 25/25 MP: 1/1
   821 | D:2      | Found Necruf's Antique Weapon Emporium.
   829 | D:2      | Reached skill level 5 in Ranged Weapons
   829 | D:2      | Reached XP level 3. HP: 31/31 MP: 2/2
   864 | D:2      | Found Citakkal's Antique Armour Shop.
   899 | D:2      | Found Axighag's Distillery.
   937 | D:2      | Bought a potion of heal wounds for 50 gold pieces
   937 | D:2      | Bought a potion of curing for 30 gold pieces
   958 | D:2      | Noticed Terence
   965 | D:2      | Killed Terence
   966 | D:2      | Reached XP level 4. HP: 23/40 MP: 3/3
  1276 | D:2      | Found Keorch's Antique Armour Boutique.
  1332 | D:2      | Found Fiefe's Distillery.
  1340 | D:2      | Bought a potion of degeneration for 12 gold pieces
  1818 | D:3      | Reached XP level 5. HP: 47/47 MP: 4/4
  1979 | D:3      | Reached skill level 5 in Fighting
  2018 | D:3      | Reached skill level 6 in Ranged Weapons
  2330 | D:2      | Bought a runed arbalest for 157 gold pieces
  2507 | D:4      | Noticed Ijyb
  2508 | D:4      | Killed Ijyb
  2568 | D:4      | Reached XP level 6. HP: 57/57 MP: 5/5
  2646 | D:4      | Reached skill level 7 in Ranged Weapons
  2767 | D:4      | Found a staircase to the Ecumenical Temple.
  2774 | Temple   | Entered the Ecumenical Temple
  2794 | Temple   | Became a worshipper of Warmaster Okawaru
  2854 | D:4      | Noticed a sky beast
  2857 | D:4      | Killed a sky beast
  2858 | D:4      | Reached XP level 7. HP: 64/64 MP: 6/6
  2961 | D:4      | Noticed Grinder
  2966 | D:4      | Killed Grinder
  2966 | D:4      | Reached * piety under Okawaru
  2981 | D:4      | Reached skill level 8 in Ranged Weapons
  3095 | D:4      | Found a blossoming altar of Fedhas.
  3340 | D:5      | Entered Level 5 of the Dungeon
  3515 | D:5      | Reached ** piety under Okawaru
  3516 | D:5      | Reached XP level 8. HP: 74/74 MP: 7/7
  3536 | D:5      | Reached skill level 9 in Ranged Weapons
  4063 | D:5      | Reached skill level 10 in Ranged Weapons
  4559 | D:5      | Reached skill level 11 in Ranged Weapons
  4959 | D:6      | Noticed Sigmund
  4961 | D:6      | Killed Sigmund
  4961 | D:6      | Reached *** piety under Okawaru
  4962 | D:6      | Reached XP level 9. HP: 66/81 MP: 8/8
  5261 | D:2      | Bought a runed cloak for 210 gold pieces
  5841 | D:7      | Reached skill level 12 in Ranged Weapons
  6011 | D:7      | Identified the +1 ring mail of Geyfaroh {rElec}
  6282 | D:7      | Reached skill level 13 in Ranged Weapons
  6391 | D:8      | Noticed a troll
  6399 | D:7      | Reached **** piety under Okawaru
  6920 | D:8      | Reached skill level 14 in Ranged Weapons
  6978 | D:8      | Found a broken altar of Ashenzari.
  7632 | D:8      | Reached XP level 10. HP: 77/88 MP: 9/9
  7791 | D:8      | Found a staircase to the Lair.
  7820 | D:8      | Reached ***** piety under Okawaru
  7992 | D:8      | Found a shimmering blue altar of Sif Muna.
  8083 | D:8      | Found a sparkling altar of Nemelex Xobeh.
  8098 | D:9      | Noticed a gargoyle
  8148 | D:9      | Killed a gargoyle
  8149 | D:9      | Reached skill level 15 in Ranged Weapons
  8160 | D:8      | HP: 2/88 [hornet (7)]
  8160 | D:8      | Paralysed by a hornet for 2 turns
  8161 | D:8      | Succumbed to a hornet's poison

Illustrated notes

Levels and vault maps discovered:
D:1:      roderic_octagonal_star, layout_basic
D:2:      layout_basic, serial_shops, shop_statue, shop_statue, shop, shop,
          shop, uniq_terence
D:3:      layout_basic, minmay_misc_feat_diagonals, minmay_joined_circles
D:4:      layout_basic, mainiacjoe_overflow_tiny_flanked,
          minmay_temple_entry_sparse_star,
          nicolae_concentric_dashed_squares_mild,
          nicolae_kite_square_tiling_tiny, uniq_grinder, uniq_ijyb
D:5:      layout_loops_corners
D:6:      layout_basic, chequers_serial_rivers_large_a, minmay_misc_feat_plants,
          uniq_sigmund
D:7:      layout_loops_ring, amethyst_killhole, minivault_22,
          grunt_ministairs_15, wad_floor_pattern_untrapped,
          hangedman_decor_lopped
D:8:      layout_basic, nemelex_diamond_rough_becter,
          mainiacjoe_overflow_catch_the_wave, erik_lair_island
D:9:      layout_basic, grunt_gozag_statues, mainiacjoe_overflow_brackets
Temple:   lightli_temple_of_artemis

Skill      XL: |  1  2  3  4  5  6  7  8  9 10 |
---------------+-------------------------------+-----
Fighting       | 3 4 5 6 8 |  8.0
Ranged Weapons | 5 6 7 8 11 14 15 | 15.1
Dodging        | |  2.1
Stealth        | |  0.7

Action                   |  1- 3 |  4- 6 |  7- 9 | 10-12 || total
-------------------------+-------+-------+-------+-------++-------
 Fire: Shortbow          |    72 |   123 |       |       ||   195
       Arbalest          |       |    58 |   185 |    29 ||   272
  Use: Scroll            |       |       |     5 |       ||     5
       Potion            |       |       |     1 |     2 ||     3
Armor: Leather armour    |     7 |    25 |       |       ||    32
       Scale mail        |       |    26 |    29 |     8 ||    63
Dodge: Dodged            |    12 |    52 |    46 |    15 ||   125
